 Dungeon Crawl Stone Soup version 0.30-a0-1094-g860fb061e7 (webtiles) character file.

Game seed: 9389049786924188265

2200682 Datul the Shatterer (level 27, 224/224 HPs)
             Began as a Gnoll Conjurer on Apr 11, 2023.
             Was the Champion of Vehumet.
             Escaped with the Orb
             ... and 4 runes on Apr 17, 2023!
             The game lasted 08:11:46 (78951 turns).

Datul the Shatterer (Gnoll Conjurer)               Turns: 78951, Time: 08:11:46

Health: 224/224    AC: 27    Str: 10    XL:     27
Magic:  57/65      EV: 22    Int: 44    God:    Vehumet [******]
Gold:   4735       SH: 12    Dex: 15    Spells: 3/67 levels left

rFire   + + .      SeeInvis .    N - +3 Elemental Staff {rElec rF+ rC+ AC+3}
rCold   + + +      Faith    .    Y - +3 warlock's mirror {omnireflect}
rNeg    + + +      Spirit   .    W - +1 leather armour of the Wonderful God {+Blink Int+9 Dex-2}
rPois   ∞          Reflect  +    Q - +2 hat {Will+}
rElec   +          Rampage  .    A - scarf {shadows}
rCorr   .                        q - +3 pair of gauntlets of War {Slay+5}
Will    ++++.                    r - +3 pair of mountain boots {steadfast, rC+}
Stlth   +++                      c - amulet of Trepidation {RegenMP rN+ Dex+3}
HPRegen 0.57/turn                o - ring of Quyne {*Slow rPois rC+ MP+9 Str+3}
MPRegen 0.79/turn                S - ring "Fughom" {Fire *Corrode rPois MP+9 Int+7}

@: lich-form, studying 3 skills
A: draining attack, torment immunity, no potions, fangs 1, strong nose,
distributed training
0: Orb of Zot
}: 4/15 runes: decaying, serpentine, slimy, silver
a: End Transformation, Renounce Religion, Evoke Blink


You escaped.
You worshipped Vehumet.
Vehumet was exalted by your worship.
You were an undead lich.
You visited 12 branches of the dungeon, and saw 56 of its levels.
You visited 1 bazaar.
You also visited: Sewer, Ice Cave, Volcano and Wizlab.

You collected 9913 gold pieces.
You spent 5178 gold pieces at shops.

Inventory:

Hand Weapons
 a - the +11 double sword "Vepli" {heavy, Will+ MP+9}
   (You acquired it on level 6 of the Dungeon)

   MP:        It affects your magic capacity (+9).
   Will:      It increases your willpower.
 N - the +3 Elemental Staff (weapon) {rElec rF+ rC+ AC+3}
   (You acquired it on level 2 of the Depths)

   It enhances your fire, ice, earth and air magic.
   AC:        It affects your AC (+3).
   rF:        It protects you from fire.
   rC:        It protects you from cold.
   rElec:     It insulates you from electricity.
 P - a +8 sacred scourge of holy wrath
Missiles
 u - 21 curare-tipped darts (quivered)
 V - 4 throwing nets
Armour
 q - the +3 pair of gauntlets of War (worn) {Slay+5}
   (You found it on level 5 of the Vaults)

   Slay:      It affects your accuracy & damage with ranged weapons and melee
   (+5).
 r - the +3 pair of mountain boots (worn) {steadfast, rC+}
   (You found it on level 5 of the Pits of Slime)

   Steadfast: It prevents involuntary movement, except for blinking,
   teleportation, or banishment.
   rC:        It protects you from cold.
 A - a scarf of shadows (worn)
 O - a +2 robe of the Archmagi
 Q - a +2 hat of willpower (worn)
 W - the +1 leather armour of the Wonderful God (worn) {+Blink Int+9 Dex-2}
   (You found it on level 4 of the Swamp)

   Int:       It affects your intelligence (+9).
   Dex:       It affects your dexterity (-2).
   +Blink:    It lets you blink.
 Y - the +3 warlock's mirror (worn) {omnireflect}
   (You found it on level 3 of the Snake Pit)

   Omnireflect: It can block and reflect piercing ranged attacks and magical
   attacks against the wielder's willpower.
Jewellery
 c - the amulet of Trepidation (around neck) {RegenMP rN+ Dex+3}
   (You bought it in a shop on level 3 of the Vaults)

   [amulet of magic regeneration]

   It increases your rate of magic regeneration.
   Dex:       It affects your dexterity (+3).
   rN:        It protects you from negative energy.
 o - the ring of Quyne (left hand) {*Slow rPois rC+ MP+9 Str+3}
   (You found it on level 4 of the Lair of Beasts)

   [ring of magical power]

   Str:       It affects your strength (+3).
   rC:        It protects you from cold.
   rPois:     It protects you from poison.
   MP:        It affects your magic capacity (+9).
   *Slow:     It may slow you when you take damage.
 w - the ring "Waept" {rF+ Will+}
   (You acquired it on level 2 of the Vaults)

   [ring of willpower]

   rF:        It protects you from fire.
   Will:      It increases your willpower.
 x - the ring "Telanei" {Fly Str+8 Dex+3}
   (You found it on level 2 of the Elven Halls)

   [ring of flight]

   Str:       It affects your strength (+8).
   Dex:       It affects your dexterity (+3).
   Fly:       It grants you flight.
 z - the ring "Peuraera" {Ice Dex+5}
   (You took it off Josephina on level 4 of the Depths)

   [ring of ice]

   It enhances your ice magic.
   Dex:       It affects your dexterity (+5).
   rF:        It makes you vulnerable to fire.
   rC:        It protects you from cold.
 G - the ring "Laikh" {rF+ rCorr SInv}
   (You took it off a deep elf elementalist on level 3 of the Elven Halls)

   [ring of resist corrosion]

   rF:        It protects you from fire.
   SInv:      It lets you see invisible.
   rCorr:     It protects you from acid and corrosion.
 S - the ring "Fughom" (right hand) {Fire *Corrode rPois MP+9 Int+7}
   (You found it on level 1 of the Lair of Beasts)

   [ring of fire]

   It enhances your fire magic.
   Int:       It affects your intelligence (+7).
   rF:        It protects you from fire.
   rC:        It makes you vulnerable to cold.
   rPois:     It protects you from poison.
   MP:        It affects your magic capacity (+9).
   *Corrode:  It may corrode you when you take damage.
Wands
 i - a wand of roots (56)
 n - a wand of digging (21)
 D - a wand of acid (18)
 T - a wand of mindburst (50)
Scrolls
 b - 3 scrolls of torment
 g - 2 scrolls of immolation
 h - 31 scrolls of teleportation
 k - 7 scrolls of blinking
 l - 5 scrolls of vulnerability
 s - a scroll of silence
 v - 4 scrolls of summoning
 y - 8 scrolls of fear
 B - 5 scrolls of amnesia
 J - 4 scrolls of poison
 L - 5 scrolls of fog
Potions
 f - 7 potions of invisibility
 j - 32 potions of curing
 p - 11 potions of brilliance
 t - 9 potions of lignification
 C - 4 potions of ambrosia
 E - 11 potions of haste
 F - 12 potions of attraction
 H - 9 potions of magic
 I - 5 potions of resistance
 K - 7 potions of cancellation
 M - 12 potions of mutation
 R - 2 potions of flight
 Z - 7 potions of heal wounds
Miscellaneous
 d - a box of beasts
 e - a condenser vane
 m - a phial of floods
 U - a phantom mirror
 X - a lightning rod (4/4)


   Skills:
 + Level 20.1 Fighting
 + Level 20.1 Short Blades
 + Level 20.1 Long Blades
 + Level 20.1 Axes
 + Level 25.1 Maces & Flails
 + Level 20.1 Polearms
 + Level 20.1 Staves
 + Level 20.1 Ranged Weapons
 + Level 20.1 Throwing
 + Level 20.1 Armour
 + Level 20.6 Dodging
 + Level 20.5 Stealth
 + Level 20.1 Shields
 + Level 20.1 Unarmed Combat
 + Level 20.6 Spellcasting
 + Level 18.4 Conjurations
 + Level 17.2 Hexes
 + Level 17.2 Summonings
 + Level 17.2 Necromancy
 + Level 17.2 Translocations
 + Level 17.2 Transmutations
 + Level 19.1 Fire Magic
 + Level 17.2 Ice Magic
 + Level 22.1 Air Magic
 + Level 17.2 Earth Magic
 + Level 17.2 Poison Magic
 + Level 21.7 Invocations
 + Level 20.1 Evocations


You had 3 spell levels left.
You knew the following spells:

 Your Spells              Type           Power      Damage    Failure   Level
b - Blink                 Tloc           100%       N/A       0%          2
l - Lee's Rapid Deconstr  Erth           69%        3d31*     0%          5
s - Spellforged Servitor  Conj/Summ      58%        N/A       1%          7
C - Chain Lightning       Conj/Air       73%        3d98      4%          9
F - Fire Storm            Conj/Fire      84%        8d21      7%          9
I - Ignition              Fire           85%        3d22      1%          8
L - Lehudib's Crystal Sp  Conj/Erth      70%        10d16     1%          8
M - Maxwell's Capacitive  Air            75%        ∞         1%          8
N - Necromutation         Tmut/Necr      69%        N/A       3%          8

Your spell library contained the following spells:

 Spells                   Type           Power      Damage    Failure   Level
 Shatter                  Erth           69%        3d51*     13%         9
 Apportation              Tloc           100%       N/A       0%          1
 Beastly Appendage        Tmut           100%       N/A       0%          1
 Foxfire                  Conj/Fire      100%       2x1d9     0%          1
 Freeze                   Ice            100%       1d10      0%          1
 Kiss of Death            Conj/Necr      100%       2d13      0%          1
 Magic Dart               Conj           100%       1d8       0%          1
 Necrotise                Necr           100%       1d9       0%          1
 Sandblast                Erth           100%       2d20      0%          1
 Shock                    Conj/Air       100%       1d9       0%          1
 Summon Small Mammal      Summ           100%       N/A       0%          1
 Call Imp                 Summ           100%       N/A       0%          2
 Ensorcelled Hibernation  Hex/Ice        100%       N/A       0%          2
 Lesser Beckoning         Tloc           100%       N/A       0%          2
 Momentum Strike          Conj/Tloc      100%       3d10      0%          2
 Passwall                 Tmut/Erth      100%       N/A       0%          2
 Poisonous Vapours        Pois/Air       100%       N/A       0%          2
 Scorch                   Fire           100%       2d9       0%          2
 Searing Ray              Conj           100%       2d8       0%          2
 Static Discharge         Conj/Air       100%       2-7/arc   0%          2
 Sublimation of Blood     Necr           100%       N/A       0%          2
 Wereblood                Tmut           100%       N/A       0%          2
 Call Canine Familiar     Summ           100%       N/A       0%          3
 Confusing Touch          Hex            100%       N/A       0%          3
 Dazzling Flash           Conj/Hex       100%       N/A       0%          3
 Frozen Ramparts          Ice            100%       1d16      0%          3
 Gell's Gravitas          Tloc           100%       N/A       0%          3
 Hailstorm                Conj/Ice       100%       3d20      0%          3
 Ignite Poison            Fire/Tmut/Pois 100%       N/A       0%          3
 Inner Flame              Hex/Fire       100%       N/A       0%          3
 Mephitic Cloud           Conj/Pois/Air  100%       N/A       0%          3
 Ozocubu's Armour         Ice            100%       N/A       0%          3
 Portal Projectile        Hex/Tloc       100%       N/A       0%          3
 Spider Form              Tmut/Pois      100%       N/A       0%          3
 Stone Arrow              Conj/Erth      100%       3d13      0%          3
 Summon Guardian Golem    Hex/Summ       100%       N/A       0%          3
 Swiftness                Air            100%       N/A       0%          3
 Teleport Other           Tloc           100%       N/A       0%          3
 Tukima's Dance           Hex            100%       N/A       0%          3
 Vampiric Draining        Necr           100%       2d13      0%          3
 Vhi's Electric Charge    Tloc/Air       100%       N/A       0%          3
 Volatile Blastmotes      Fire/Tloc      100%       2d18      0%          3
 Airstrike                Air            75%        2d(11-27) 0%          4
 Anguish                  Hex/Necr       69%        N/A       0%          4
 Animate Armour           Summ/Erth      100%       N/A       0%          4
 Animate Dead             Necr           100%       N/A       0%          4
 Cause Fear               Hex            57%        N/A       0%          4
 Dispel Undead            Necr           100%       3d31      0%          4
 Flame Wave               Conj/Fire      100%       2d21      0%          4
 Fulminant Prism          Conj/Hex       58%        3d24      0%          4
 Ice Form                 Ice/Tmut       100%       N/A       0%          4
 Iskenderun's Mystic Bla  Conj/Tloc      100%       2d19      0%          4
 Leda's Liquefaction      Hex/Erth       69%        N/A       0%          4
 Manifold Assault         Tloc           100%       N/A       0%          4
 Olgreb's Toxic Radiance  Pois           100%       N/A       0%          4
 Passage of Golubria      Tloc           100%       N/A       0%          4
 Petrify                  Tmut/Erth      100%       N/A       0%          4
 Sticky Flame             Conj/Fire      100%       2d11      0%          4
 Summon Ice Beast         Ice/Summ       100%       N/A       0%          4
 Summon Lightning Spire   Summ/Air       100%       N/A       0%          4
 Agony                    Necr           100%       N/A       0%          5
 Alistair's Intoxication  Tmut/Pois      76%        N/A       0%          5
 Arcjolt                  Conj/Air       73%        1d83      0%          5
 Blade Hands              Tmut           57%        N/A       0%          5
 Freezing Cloud           Conj/Ice/Air   85%        6-21      0%          5
 Irradiate                Conj/Tmut      58%        3d31      0%          5
 Metabolic Englaciation   Hex/Ice        69%        N/A       0%          5
 Silence                  Hex/Air        72%        N/A       0%          5
 Summon Mana Viper        Hex/Summ       100%       N/A       0%          5
 Yara's Violent Unravell  Hex/Tmut       57%        3d22      0%          5
 Plasma Beam              Fire/Air       100%       2x1d131   0%          6
 Death Channel            Necr           69%        N/A       1%          6
 Dispersal                Tloc           57%        N/A       1%          6
 Simulacrum               Ice/Necr       82%        N/A       1%          6
 Starburst                Conj/Fire      84%        6d21      1%          6
 Summon Cactus Giant      Summ           57%        N/A       1%          6
 Dragon Form              Tmut           57%        N/A       1%          7
 Haunt                    Necr/Summ      69%        N/A       1%          7
 Malign Gateway           Summ/Tloc      57%        N/A       1%          7
 Monstrous Menagerie      Summ           57%        N/A       1%          7
 Ozocubu's Refrigeration  Ice            69%        4d22      1%          7
 Storm Form               Tmut/Air       72%        N/A       1%          7
 Borgnjor's Revivificati  Necr           69%        N/A       3%          8
 Discord                  Hex            57%        N/A       3%          8
 Disjunction              Tloc           57%        N/A       3%          8
 Infestation              Necr           69%        N/A       3%          8
 Summon Horrible Things   Summ           57%        N/A       3%          8
 Polar Vortex             Ice            69%        N/A       13%         9
 Death's Door             Necr           69%        N/A       43%         9
 Dragon's Call            Summ           57%        N/A       43%         9


Dungeon Overview and Level Annotations

Branches:
Dungeon (15/15)            Temple (1/1) D:7            Lair (5/5) D:8
  Swamp (4/4) Lair:3        Snake (4/4) Lair:2        Slime (5/5) Lair:4
    Orc (2/2) D:11            Elf (3/3) Orc:2        Vaults (5/5) D:13
  Crypt (3/3) Vaults:3       Tomb (0/3) Crypt:3      Depths (4/4) D:15
    Zot (5/5) Depths:4      Sewer (visited)           IceCv (visited)
Volcano (visited)          WizLab (visited)

Altars:
Ashenzari
Cheibriados
Dithmenos
Elyvilon
Fedhas
Gozag
Hepliaklqana
Kikubaaqudgha
Makhleb
Nemelex Xobeh
Okawaru
Qazlal
Ru
Sif Muna
Trog
Uskayaw
Vehumet
Wu Jian
Xom
Yredelemnul
Zin
The Shining One
Jiyva

Shops:
D:8 :   D:12 *   D:14 *   Orc:2 ([*   Elf:2 :=:   Elf:3 (   Snake:2 :*
Vaults:3 =   Vaults:4 ?   Zot:5 *

Portals:
Hell: Depths:1 Depths:2 Depths:3 Depths:4
Abyss: Depths:3
Pandemonium: Depths:1 Depths:2 Depths:4
Ziggurat: Depths:1

Annotations:
Elf:2 3 runed translucent doors
Vaults:4 1 transporter


Innate Abilities, Weirdness & Mutations

You are an undead lich.
Your unarmed attacks are suffused with negative energy.
You are immune to unholy pain and torment.
Your necromantic spells are more powerful.
You cannot drink.
You are immune to poison.
You have very sharp teeth.
Your uncanny sense of smell can sniff out nearby items.
Your experience applies equally to all skills.


Message History

Where to? (Enter - D:1 @ (x,y), ? - help)
What level of the Dungeon? (default 1, ? - help)
There is a stone staircase leading up here.
You climb upwards.
There is a stone staircase leading down here.
Your magical contamination has completely faded away.
A hellion comes into view.
You regained 13 mp, and now have 64/65 mp.
Casting: Necromutation (dangerous; 3% risk of failure)
Confirm with . or Enter, or press ? or * to list all spells.
Aiming: Fire Storm (dangerous; 7% risk of failure)
Press: ? - help, Dir - move target, f - hellion
Aim: a hellion You feel a strong surge of power!
A raging storm of fire appears!
The great blast of fire engulfs the hellion!!!!
You kill the hellion!
Vehumet accepts your kill.
You feel your power returning.
You now have 57/65 mp.
Unknown command.
(D) Dungeon (T) Temple (L) Lair (S) Swamp (P) Snake Pit (M) Slime Pits (O) Orcish Mines (E) Elven Halls (V) Vaults (C) Crypt (W) Tomb (U) Depths (H) Hell (Z) Zot
Where to? (Enter - D:1 @ (x,y), ? - help)
A ynoxinul comes into view.
You regained 5 mp, and now have 62/65 mp.
Casting: Fire Storm (dangerous; 7% risk of failure)
Confirm with . or Enter, or press ? or * to list all spells.
Aiming: Lehudib's Crystal Spear (mildly dangerous; 1% risk of failure)
Press: ? - help, Shift-Dir - straight line, f - ynoxinul
Aim: a ynoxinul (85% to hit)
You feel a surge of power!
The crystal spear hits the ynoxinul!!!!
You kill the ynoxinul!
Vehumet accepts your kill.
An Executioner comes into view.
You now have 55/65 mp.
The Executioner moves out of view.
There is a staircase leading out of the dungeon here.
You have escaped!

###>......#.........##
#######1.....#.....##
##.....###.....##
##.....#####.....##
##.v...#.....#.....##
##.....###...###.....##
##.....#####.#####.....##
##..v..#...........#.....##
#...v.###....L....###.....# ##
#..v.#####.......#####....#
.###...#.....#.....#.....#...#
..##..###...###...###...###..#
#.##.#####.#####.#####.#####.#
#..#......................^..#
##...............#############
#################


There were no monsters in sight!

Vanquished Creatures
  the Royal Jelly (Slime:5)
  A dread lich (Zot:5)
  An ancient lich (Crypt:1)
  6 orbs of fire
  Khufu (Crypt:1)
  Mennas (Crypt:1)
  Sojobo (Vaults:5)
  Josephina (Depths:4)
  A royal mummy (Crypt:3)
  Frederick (Vaults:5)
  12 Killer Klowns
  Boris (Depths:3)
  Saint Roka (Vaults:1)
  5 caustic shrikes
  9 golden dragons
  Jory (Depths:3)
  2 bone dragons
  3 electric golems
  A Tzitzimitl (D:7)
  3 doom hounds (Depths:4)
  A walking crystal tome (Depths:2)
  12 tentacled monstrosities
  Jorgrun (D:13)
  A walking earthen tome (Depths:4)
  A deep elf master archer (Elf:3)
  4 walking divine tomes
  Grunn (Depths:4)
  2 liches
  12 acid blobs
  17 Orb Guardians (Zot:5)
  A deep elf blademaster (Elf:3)
  9 titans
  3 quicksilver dragons
  Asterion (Snake:3)
  A walking frostbound tome (Depths:3)
  The ghost of Caumakya the Peltast, an adept MiFi of Okawaru (Snake:1)
  A sphinx (shapeshifter) (D:15)
  10 sphinxes
  12 death cobs
  3 ancient champions
  The ghost of Sahys the Hoplite, an adept MiFi of Yredelemnul (Snake:3)
  9 tengu reavers
  13 shadow dragons
  12 storm dragons
  2 nagarajas (Snake:4)
  A revenant (Crypt:2)
  Donald (Snake:4)
  2 draconian monks
  7 azure jellies
  5 fire giants
  4 rockslimes (Slime:5)
  7 fenstrider witches
  9 vault wardens
  7 draconian knights
  6 deep elf sorcerers
  7 frost giants
  2 iron dragons (Depths:3)
  10 draconian scorchers
  3 ghost moths
  An orc warlord (Vaults:4)
  2 cacodemons
  4 ghouls
  12 draconian shifters
  7 ironbound preservers
  7 deep elf elementalists (Elf:3)
  10 draconian stormcallers
  A spriggan defender (Depths:2)
  3 curse skulls (Crypt:2)
  30 very ugly things
  8 quicksilver oozes
  6 draconian annihilators
  10 stone giants
  A juggernaut skeleton (Depths:3)
  2 war gargoyles
  A caustic shrike skeleton (Crypt:1)
  A reaper (Crypt:2)
  The ghost of Cunint the Bludgeoner, a journeyman MiBe of Trog (D:13)
  8 vampire knights
  2 ironbound thunderhulks (Vaults:3)
  6 eleionomae
  14 green draconians
  2 deep elf demonologists
  4 deep elf annihilators
  9 black draconians
  10 white draconians
  6 bunyips
  3 spark wasps (Depths:4)
  13 purple draconians
  6 yellow draconians
  7 dire elephants
  5 eidola
  11 red draconians
  10 ettins
  2 blizzard demons
  9 deep elf death magi
  Snorg (Lair:5)
  A merfolk impaler (D:13)
  7 mummy priests (Crypt:3)
  12 great orbs of eyes
  10 jiangshi
  A merfolk javelineer (D:13)
  7 deep elf high priests
  10 yaktaur captains
  7 fire dragons
  4 rakshasas
  The ghost of NateTC the Basher, a journeyman GrFi of Okawaru (Lair:1)
  A salamander tyrant (Snake:4)
  29 vault guards
  3 shambling mangroves (Swamp:4)
  5 spriggan air magi (Swamp:4)
  2 hell beasts (Depths:4)
  16 hydras
  3 peacekeepers
  A catoblepas (D:14)
  An entropy weaver (shapeshifter) (D:14)
  10 ice dragons
  2 ogre magi
  Erica (D:8)
  A caustic shrike simulacrum (Depths:4)
  A ghost crab (Swamp:4)
  11 ironbound frosthearts
  11 two-headed ogres
  21 dancing weapons
  9 anacondas
  8 deep troll shamans
  2 boulder beetles
  16 centaur warriors
  5 tengu warriors
  A death knight (Crypt:1)
  7 alligators
  4 death yaks
  18 naga warriors
  A hell hog (Volcano)
  6 deep troll earth magi
  An orc high priest (Elf:2)
  6 spriggan berserkers
  2 titan zombies (Crypt:1)
  Sonja (Orc:2)
  6 vampire magi
  2 hell knights
  8 shock serpents
  2 sun demons
  18 naga sharpshooters
  17 deep elf knights
  4 soul eaters
  30 skeletal warriors
  3 skysharks
  3 shadow wraiths
  7 iron trolls
  A spark wasp zombie (Crypt:1)
  A titan skeleton (Depths:2)
  A spectral death yak (Lair:5)
  4 goliath frogs
  8 salamander mystics
  A sea snake (Snake:3)
  A spectral anaconda (Lair:5)
  4 spriggan druids
  4 flayed ghosts
  3 sixfirhies
  2 death drakes (Swamp:4)
  An obsidian statue (Lair:5)
  5 glowing orange brains
  42 deep trolls
  5 swamp dragons
  An orange crystal statue (Depths:3)
  18 deep elf archers
  5 bog bodies
  5 wizards
  10 ironbound convokers
  5 lindwurms
  7 phantasmal warriors
  Pikel (D:7)
  41 deep elf pyromancers
  A golden dragon skeleton (Depths:3)
  8 naga ritualists
  30 deep elf zephyrmancers
  13 necromancers
  6 orc sorcerers
  13 orc knights
  10 mana vipers
  38 ugly things
  A will-o-the-wisp (Swamp:4)
  A tengu skeleton (Depths:3)
  4 cyclopes
  A shining eye (Slime:5)
  A jorogumo skeleton (Crypt:3)
  2 dire elephant zombies
  28 moths of wrath
  A manticore (D:12)
  16 salamanders
  16 elephants
  A fire giant skeleton (Depths:3)
  4 guardian serpents
  2 ice statues
  A rust devil (Zot:4)
  10 vault sentinels
  2 centaur zombies
  3 eyes of devastation
  A titan simulacrum (Depths:3)
  43 black mambas
  20 naga magi
  Psyche (D:8)
  3 orange demons
  Maggie (Lair:1)
  A cane toad (shapeshifter) (D:14)
  A gargoyle (D:14)
  A dire elephant skeleton (Crypt:3)
  2 freezing wraiths
  An unseen horror (D:11)
  4 rime drakes
  8 cane toads
  A hellion (D:1)
  3 kobold demonologists
  3 komodo dragons
  A catoblepas skeleton (Crypt:1)
  31 yaktaurs
  A red draconian zombie (Crypt:3)
  2 pale draconian zombies (Crypt:2)
  A pale draconian skeleton (Crypt:3)
  An efreet (Depths:4)
  An ice devil (Lair:4)
  2 tengu conjurers (D:14)
  A red devil (Depths:4)
  38 guardian mummies (Crypt:3)
  9 trolls
  A merfolk (D:15)
  2 hellwings
  A shadow dragon simulacrum (Depths:4)
  2 death yak skeletons
  3 bloated husks
  A polar bear (Lair:4)
  13 hornets
  4 raiju (D:13)
  4 tyrant leeches
  A tengu simulacrum (Depths:4)
  5 dream sheep (Lair:3)
  A harpy skeleton (Crypt:3)
  A spectral elephant (Lair:5)
  11 blink frogs
  An alligator skeleton (Crypt:3)
  66 slime creatures
  A snapping turtle (shapeshifter) (Vaults:5)
  Sigmund (D:2)
  15 flying skulls
  2 air elementals (Elf:2)
  A centaur simulacrum (Crypt:3)
  4 dire elephant simulacra
  6 spriggans
  A nameless horror (Vaults:1)
  5 ushabtiu (Crypt:3)
  6 water elementals
  11 wraiths
  39 yaks
  2 ynoxinuls
  7 wyverns
  A tyrant leech zombie (Crypt:2)
  2 fire elementals
  A fire bat (Volcano)
  4 basilisks
  4 chaos spawn
  14 vampire mosquitoes
  3 neqoxecs
  2 steam dragons
  Menkaure (D:6)
  A death yak simulacrum (Lair:5)
  3 spectral cane toads (Lair:5)
  A naga zombie (Crypt:1)
  13 swamp worms
  4 wargs
  41 nagas
  4 hell hounds
  Duvessa (D:7)
  A harpy simulacrum (IceCv)
  2 acid dragons
  A deep troll skeleton (Crypt:1)
  2 faun skeletons (Crypt:1)
  2 floating eyes
  13 water moccasins
  A naga skeleton (Crypt:3)
  A swamp drake (Swamp:1)
  43 orc warriors
  A glowing shapeshifter skeleton (Depths:3)
  A sky beast (D:7)
  5 ice beasts
  3 black bears
  A lindwurm zombie (Crypt:2)
  7 ogres
  7 boggarts
  8 wolves
  30 centaurs
  2 lemures (D:7)
  An elephant skeleton (Lair:5)
  3 phantoms (D:6)
  6 kobold brigands
  A komodo dragon zombie (Crypt:2)
  A vine stalker zombie (Crypt:3)
  3 two-headed ogre simulacra (IceCv)
  8 bullfrogs
  A skyshark simulacrum (Lair:1)
  3 gnoll sergeants
  4 necrophages (Crypt:3)
  5 earth elementals
  5 scorpions
  7 cane toad simulacra
  A glowing shapeshifter simulacrum (Depths:4)
  3 wights (D:9)
  Dowan (D:7)
  A raiju zombie (Crypt:1)
  7 elephant simulacra
  21 killer bees
  6 howler monkeys
  5 electric eels
  2 hounds
  4 jellies
  20 orc priests
  3 water moccasin simulacra (Lair:1)
  Jessica (D:2)
  3 iguanas
  2 sleepcaps
  20 orc wizards
  3 polar bear simulacra (IceCv)
  6 spriggan simulacra (IceCv)
  4 troll simulacra (IceCv)
  A yak simulacrum (Lair:1)
  A wolf simulacrum (IceCv)
  A tengu zombie (Crypt:1)
  12 mummies
  20 gnolls
  10 naga simulacra (IceCv)
  A river rat (D:6)
  9 adders
  A shadow imp (D:7)
  14 white imps
  9 ufetubi
  A worm (D:4)
  A dart slug (D:4)
  94 orcs
  10 ball pythons
  14 bats
  10 endoplasms
  10 giant cockroaches
  15 goblins
  5 hobgoblins
  37 kobolds
  14 quokkas
  An endoplasm zombie (Crypt:1)
  15 frilled lizards
  2 goblin skeletons
  10 rats
  2 fire vortices
2357 creatures vanquished.

Vanquished Creatures (collateral kills)
  A caustic shrike (Depths:4)
  A golden dragon (Depths:2)
  5 Orb Guardians (Zot:5)
  A lich (Depths:4)
  3 tentacled monstrosities
  A titan (Vaults:5)
  A deep elf blademaster (Elf:3)
  5 acid blobs
  A death cob (Zot:2)
  6 sphinxes
  A tengu reaver (Vaults:5)
  A draconian monk (Zot:4)
  5 storm dragons
  2 azure jellies (Slime:5)
  7 fire giants
  2 nagarajas (Snake:4)
  2 frost giants (Depths:4)
  2 iron dragons (Vaults:5)
  A draconian knight (Zot:1)
  5 vault wardens
  A deep elf sorcerer (Elf:1)
  4 ghouls
  2 draconian scorchers
  An emperor scorpion (D:15)
  2 orc warlords
  7 ironbound preservers
  A juggernaut zombie (Depths:2)
  2 very ugly things
  2 spriggan defenders (Depths:2)
  A reaper (Depths:3)
  A war gargoyle (Vaults:3)
  3 stone giants
  6 deep elf annihilators (Elf:3)
  3 black draconians (Zot:1)
  A white draconian (Zot:1)
  3 dire elephants (Vaults:4)
  2 red draconians
  2 ettins
  3 purple draconians
  A yellow draconian (Zot:1)
  2 blizzard demons (Depths:4)
  An eidolon (Crypt:3)
  A mummy priest (WizLab)
  2 crystal guardians
  A deep elf death mage (Elf:3)
  5 fire dragons
  2 jiangshi (Crypt:3)
  2 deep elf high priests
  A green death (Swamp:4)
  A vault guard (Vaults:5)
  6 yaktaur captains
  Erolcha (D:12)
  3 ice dragons
  4 great orbs of eyes
  2 ironbound frosthearts
  A spriggan air mage (Depths:2)
  A centaur warrior (Vaults:2)
  A peacekeeper (Vaults:3)
  An anaconda (Snake:3)
  A death knight (Crypt:3)
  5 dancing weapons
  A tengu warrior (Depths:4)
  2 naga warriors
  2 vampire magi
  A bennu skeleton (Crypt:2)
  A boulder beetle (Vaults:3)
  A deep troll earth mage (Depths:3)
  3 deep troll shamans
  3 deep elf knights
  A sun demon (Depths:1)
  A hell knight (Vaults:5)
  3 skeletal warriors
  5 iron trolls
  A spark wasp zombie (Depths:2)
  2 glowing orange brains
  12 deep trolls
  A shadow dragon zombie (Crypt:1)
  A bog body (Crypt:3)
  2 ironbound convokers
  2 orc knights
  A golden dragon skeleton (Depths:3)
  An iron dragon zombie (Crypt:1)
  2 necromancers (Crypt:1)
  A deep elf archer (Elf:3)
  A phantasmal warrior (Vaults:2)
  A deep elf pyromancer (Elf:1)
  10 ugly things
  8 deep elf zephyrmancers
  A salamander (Depths:3)
  A cyclops (D:15)
  8 slime creatures
  A black mamba (Snake:4)
  A moth of wrath (Zot:2)
  An eye of devastation (Slime:1)
  A naga mage (Snake:3)
  3 vault sentinels
  10 yaktaurs
  A red draconian skeleton (Crypt:3)
  7 guardian mummies
  A tarantella (shapeshifter) (Vaults:5)
  A flying skull (Crypt:3)
  3 ushabtiu (Crypt:3)
  2 wraiths (Crypt:2)
  A fire elemental (Elf:1)
  A golden eye (Slime:5)
  2 chaos spawn
  3 nagas
  An orc warrior (Vaults:2)
  A necrophage (Swamp:4)
  2 orcs
268 creatures vanquished.

Vanquished Creatures (others)
  A sixfirhy (Swamp:4)
  A deep elf zephyrmancer (Elf:1)
  A rime drake (Lair:1)
  A hornet (Swamp:1)
  A boggart (Vaults:2)
  A bush (Lair:3)
  95 fire vortices
  145 fulminant prisms
  39 fungi
  79 plants
  31 withered plants (Lair:5)
395 creatures vanquished.

Grand Total: 3020 creatures vanquished

Notes
Turn   | Place    | Note
-------+----------+-------------------------------------------
     0 | D:1      | Datul the Gnoll Conjurer began the quest for the Orb.
     0 | D:1      | Reached XP level 1. HP: 13/13 MP: 6/6
    99 | D:1      | Reached XP level 2. HP: 19/19 MP: 3/7
   550 | D:1      | Reached skill level 5 in Spellcasting
   550 | D:1      | Reached XP level 3. HP: 25/25 MP: 5/9
   852 | D:1      | Learned a level 2 spell: Searing Ray
   873 | D:1      | Reached skill level 1 in Invocations
  1211 | D:2      | Reached skill level 1 in Fighting
  1211 | D:2      | Reached skill level 1 in Short Blades
  1211 | D:2      | Reached skill level 1 in Long Blades
  1211 | D:2      | Reached skill level 1 in Axes
  1211 | D:2      | Reached skill level 1 in Maces & Flails
  1211 | D:2      | Reached skill level 1 in Polearms
  1211 | D:2      | Reached skill level 1 in Staves
  1211 | D:2      | Reached skill level 1 in Ranged Weapons
  1211 | D:2      | Reached skill level 1 in Throwing
  1211 | D:2      | Reached skill level 1 in Armour
  1211 | D:2      | Reached skill level 1 in Shields
  1211 | D:2      | Reached skill level 1 in Unarmed Combat
  1211 | D:2      | Reached skill level 1 in Evocations
  1211 | D:2      | Noticed Jessica
  1441 | D:2      | Reached XP level 4. HP: 32/32 MP: 8/11
  1492 | D:2      | Learned a level 4 spell: Fulminant Prism
  1497 | D:2      | Learned a level 4 spell: Iskenderun's Mystic Blast
  1504 | D:2      | Noticed Sigmund
  1698 | D:3      | Noticed a scorpion
  1772 | D:3      | Reached skill level 1 in Hexes
  1772 | D:3      | Reached skill level 1 in Summonings
  1772 | D:3      | Reached skill level 1 in Necromancy
  1772 | D:3      | Reached skill level 1 in Translocations
  1772 | D:3      | Reached skill level 1 in Transmutations
  1772 | D:3      | Reached skill level 1 in Fire Magic
  1772 | D:3      | Reached skill level 1 in Ice Magic
  1772 | D:3      | Reached skill level 1 in Air Magic
  1772 | D:3      | Reached skill level 1 in Earth Magic
  1772 | D:3      | Reached skill level 1 in Poison Magic
  1888 | D:3      | Reached XP level 5. HP: 31/37 MP: 3/12
  2903 | D:4      | Reached XP level 6. HP: 44/44 MP: 9/14
  2951 | D:4      | Reached skill level 2 in Maces & Flails
  2951 | D:4      | Reached skill level 5 in Dodging
  2977 | D:4      | Found an iron altar of Okawaru.
  3195 | D:4      | Found a shadowy altar of Dithmenos.
  3255 | D:4      | Noticed a black bear
  3256 | D:4      | Found a glowing silver altar of Zin.
  3256 | D:4      | Noticed an angel
  3560 | D:4      | Found a snail-covered altar of Cheibriados.
  3663 | D:4      | Killed a black bear
  3664 | D:4      | Reached XP level 7. HP: 51/51 MP: 7/15
  3790 | D:5      | Entered Level 5 of the Dungeon
  4006 | D:5      | Reached skill level 5 in Stealth
  4867 | D:6      | Noticed Menkaure
  4982 | D:6      | Reached skill level 3 in Maces & Flails
  4998 | D:6      | Reached XP level 8. HP: 50/58 MP: 1/16
  5125 | D:6      | Found a glowing drain.
  5195 | Sewer    | Entered a sewer
  5859 | D:6      | Identified 2 scrolls of acquirement
  5859 | D:6      | Acquired the staff of fire "Kigezap" {rF+ rC+ Will+}
  6148 | D:6      | Found an ornate altar of the Wu Jian Council.
  6196 | D:6      | Acquired the +11 double sword "Vepli" {heavy, Will+ MP+9}
  6255 | D:6      | Killed Menkaure
  6310 | D:6      | Reached skill level 4 in Maces & Flails
  6310 | D:6      | Reached XP level 9. HP: 65/65 MP: 10/18
  6501 | D:6      | Found a sparkling altar of Nemelex Xobeh.
  6959 | D:6      | Noticed a troll
  6967 | D:6      | Killed a troll
  7194 | D:6      | Reached skill level 5 in Invocations
  7361 | D:2      | Killed Jessica
  7369 | D:2      | Killed Sigmund
  7961 | D:7      | Found a basalt altar of Yredelemnul.
  7978 | D:7      | Found a glowing golden altar of the Shining One.
  7979 | D:7      | Noticed Dowan
  7980 | D:7      | Noticed Duvessa
  7981 | D:7      | Found an opulent altar of Gozag.
  7987 | D:7      | Killed Dowan
  8035 | D:7      | Killed Duvessa
  8262 | D:7      | Noticed Pikel
  8279 | D:7      | Killed Pikel
  8280 | D:7      | Reached skill level 5 in Fighting
  8280 | D:7      | Reached skill level 5 in Short Blades
  8280 | D:7      | Reached skill level 5 in Long Blades
  8280 | D:7      | Reached skill level 5 in Axes
  8280 | D:7      | Reached skill level 5 in Maces & Flails
  8280 | D:7      | Reached skill level 5 in Polearms
  8280 | D:7      | Reached skill level 5 in Staves
  8280 | D:7      | Reached skill level 5 in Ranged Weapons
  8280 | D:7      | Reached skill level 5 in Throwing
  8280 | D:7      | Reached skill level 5 in Armour
  8280 | D:7      | Reached skill level 5 in Shields
  8280 | D:7      | Reached skill level 5 in Unarmed Combat
  8280 | D:7      | Reached skill level 5 in Evocations
  8280 | D:7      | Reached XP level 10. HP: 74/74 MP: 9/20
  8581 | D:7      | Found a staircase to the Ecumenical Temple.
  8590 | Temple   | Entered the Ecumenical Temple
  8590 | Temple   | Found a transporter.
  8590 | Temple   | Found a transporter.
  8592 | Temple   | Found a transporter.
  8592 | Temple   | Found a transporter.
  8632 | Temple   | Became a worshipper of Vehumet
  8895 | D:8      | You are sucked into a shaft and drop 3 floors!
  9132 | D:10     | Entered Level 10 of the Dungeon
  9460 | D:10     | Reached * piety under Vehumet
  9460 | D:10     | Offered knowledge of Foxfire by Vehumet.
 10091 | D:9      | Found a sacrificial altar of Ru.
 10255 | D:8      | Noticed Erica
 10334 | D:9      | Reached ** piety under Vehumet
 10338 | D:9      | Offered knowledge of Momentum Strike by Vehumet.
 10634 | D:9      | Found a stormy altar of Qazlal.
 11595 | D:8      | Killed Erica
 11596 | D:8      | Reached skill level 6 in Maces & Flails
 11596 | D:8      | Reached skill level 5 in Hexes
 11596 | D:8      | Reached skill level 5 in Summonings
 11596 | D:8      | Reached skill level 5 in Necromancy
 11596 | D:8      | Reached skill level 5 in Translocations
 11596 | D:8      | Reached skill level 5 in Transmutations
 11596 | D:8      | Reached skill level 5 in Fire Magic
 11596 | D:8      | Reached skill level 5 in Ice Magic
 11596 | D:8      | Reached skill level 5 in Air Magic
 11596 | D:8      | Reached skill level 5 in Earth Magic
 11596 | D:8      | Reached skill level 5 in Poison Magic
 11596 | D:8      | Reached XP level 11. HP: 33/81 MP: 3/23
 11818 | D:8      | Found Unont's Book Emporium.
 11829 | D:8      | Bought a book of Vapours for 312 gold pieces
 11833 | D:8      | Learned a level 3 spell: Mephitic Cloud
 11839 | D:8      | Learned a level 5 spell: Freezing Cloud
 11888 | D:8      | Offered knowledge of Hailstorm by Vehumet.
 11894 | D:8      | Noticed a boulder beetle
 12372 | D:10     | Identified the +0 leather armour of Sorcery {rPois}
 12949 | D:11     | Found a staircase to the Orcish Mines.
 13470 | D:8      | Killed a boulder beetle
 13470 | D:8      | Reached *** piety under Vehumet
 13808 | D:8      | Offered knowledge of Airstrike by Vehumet.
 13971 | D:8      | Noticed Psyche
 13976 | D:8      | Killed Psyche
 14415 | D:8      | Found a staircase to the Lair.
 14737 | D:8      | Learned a level 4 spell: Airstrike
 14738 | Lair:1   | Entered Level 1 of the Lair of Beasts
 14769 | Lair:1   | Reached skill level 7 in Maces & Flails
 14995 | Lair:1   | Noticed NateTC's ghost (journeyman GrFi)
 15071 | Lair:1   | Reached XP level 12. HP: 91/91 MP: 16/24
 15495 | Lair:1   | Noticed Maggie
 15501 | Lair:1   | Killed Maggie
 15743 | Lair:1   | Found a runed translucent gate.
 15743 | Lair:1   | Found a runed translucent gate.
 15743 | Lair:1   | Found a runed translucent gate.
 15786 | Lair:1   | Reached **** piety under Vehumet
 16325 | Lair:2   | Found a frozen archway.
 16335 | IceCv    | Entered an ice cave
 16338 | IceCv    | Offered knowledge of Ignite Poison by Vehumet.
 16350 | IceCv    | Learned a level 4 spell: Flame Wave
 17350 | IceCv    | Reached ***** piety under Vehumet
 17458 | IceCv    | Offered knowledge of Arcjolt by Vehumet.
 17568 | IceCv    | Identified the +4 battleaxe of Qazlal's Pride {heavy, rPois
                  | Int+3}
 17807 | Lair:2   | Noticed a five-headed hydra
 17812 | Lair:2   | Killed a five-headed hydra
 17967 | Lair:2   | Found a staircase to the Snake Pit.
 18173 | Lair:2   | Reached skill level 8 in Maces & Flails
 18364 | Lair:2   | Reached XP level 13. HP: 98/98 MP: 26/26
 18384 | Lair:2   | Learned a level 2 spell: Blink
 18869 | Lair:3   | Reached skill level 10 in Conjurations
 19651 | Lair:3   | Found a staircase to the Swamp.
 19799 | Lair:3   | Reached skill level 10 in Spellcasting
 20147 | Lair:4   | Reached skill level 10 in Dodging
 20571 | Lair:4   | Found a runed translucent door.
 20572 | Lair:4   | Found a viscous altar of Jiyva.
 20668 | Lair:4   | Reached skill level 9 in Maces & Flails
 20776 | Lair:4   | Reached skill level 10 in Stealth
 20928 | Lair:4   | Identified the ring of Quyne {*Slow rPois rC+ MP+9 Str+3}
 21299 | Lair:4   | Found a staircase to the Slime Pits.
 21302 | Lair:4   | Offered knowledge of Lee's Rapid Deconstruction by Vehumet.
 21327 | Lair:5   | Entered Level 5 of the Lair of Beasts
 21450 | Lair:5   | Noticed Snorg
 21454 | Lair:5   | Killed Snorg
 21455 | Lair:5   | Reached skill level 10 in Invocations
 21455 | Lair:5   | Reached XP level 14. HP: 108/108 MP: 28/28
 21480 | Lair:5   | Found a dark tunnel.
 21518 | Volcano  | Entered a volcano
 22499 | Lair:5   | Noticed a dire elephant
 22503 | Lair:5   | Noticed a dire elephant
 22512 | Lair:5   | Noticed a dire elephant
 22524 | Lair:5   | Killed a dire elephant
 23154 | Lair:5   | Reached XP level 15. HP: 115/115 MP: 30/30
 23169 | Lair:5   | Learned a level 5 spell: Lee's Rapid Deconstruction
 23608 | Lair:5   | Reached skill level 10 in Fighting
 23608 | Lair:5   | Reached skill level 10 in Short Blades
 23608 | Lair:5   | Reached skill level 10 in Long Blades
 23608 | Lair:5   | Reached skill level 10 in Axes
 23608 | Lair:5   | Reached skill level 10 in Maces & Flails
 23608 | Lair:5   | Reached skill level 10 in Polearms
 23608 | Lair:5   | Reached skill level 10 in Staves
 23608 | Lair:5   | Reached skill level 10 in Ranged Weapons
 23608 | Lair:5   | Reached skill level 10 in Throwing
 23608 | Lair:5   | Reached skill level 10 in Armour
 23608 | Lair:5   | Reached skill level 10 in Shields
 23608 | Lair:5   | Reached skill level 10 in Unarmed Combat
 23608 | Lair:5   | Reached skill level 10 in Evocations
 24232 | Orc:1    | Entered Level 1 of the Orcish Mines
 24233 | Orc:1    | Offered knowledge of Ozocubu's Refrigeration by Vehumet.
 24357 | Orc:2    | Entered Level 2 of the Orcish Mines
 25115 | Orc:2    | Found Ledeec's General Store.
 25115 | Orc:2    | Found Pomiustra's Armour Boutique.
 25115 | Orc:2    | Found Besuap's Weapon Shop.
 25118 | Orc:2    | Found Xeqeuj's Antique Weapon Shoppe.
 25289 | Orc:2    | Found a staircase to the Elven Halls.
 25436 | Orc:2    | Noticed Sonja
 25446 | Orc:2    | Killed Sonja
 25446 | Orc:2    | Offered knowledge of Spellforged Servitor by Vehumet.
 25456 | Orc:2    | Learned a level 7 spell: Spellforged Servitor
 25928 | Orc:2    | Acquired 1087 gold pieces
 25980 | Orc:2    | Bought the +8 hand crossbow "Tadwy" {freeze, Dex+2} for 920
                  | gold pieces
 26075 | D:12     | Noticed Erolcha
 26076 | D:12     | Killed Erolcha
 26077 | D:12     | Reached XP level 16. HP: 123/123 MP: 31/31
 26178 | D:12     | Identified the +7 scimitar of Tesanlos {drain, Dex+3}
 26512 | D:12     | Found Sap Soof's Assorted Antiques.
 27055 | D:13     | Noticed Jorgrun
 27061 | D:13     | Killed Jorgrun
 28111 | D:13     | Found a gate to the Vaults.
 28172 | D:13     | Found a runed translucent gate.
 28173 | D:13     | Found a runed translucent gate.
 28173 | D:13     | Found a runed translucent gate.
 28400 | D:13     | Identified the +0 chain mail of Amorality {Harm +Inv rN++
                  | Will-}
 28738 | D:13     | Noticed Cunint's ghost (journeyman MiBe)
 29055 | D:14     | Reached skill level 11 in Maces & Flails
 29059 | D:14     | Offered knowledge of Irradiate by Vehumet.
 29476 | D:14     | Found Inukary's Assorted Antiques.
 29737 | D:14     | Bought 3 scrolls of summoning for 798 gold pieces
 29737 | D:14     | Bought a scroll of magic mapping for 210 gold pieces
 29737 | D:14     | Bought an encrusted flail for 238 gold pieces
 29737 | D:14     | Identified the +3 flail of Jetaalul {heavy, rN+ Will+
                  | Stlth+} (You bought it in a shop on level 14 of the
                  | Dungeon)
 29750 | D:15     | Entered Level 15 of the Dungeon
 29783 | D:15     | Acquired 606 gold pieces
 30011 | D:15     | Found a staircase to the Depths.
 30020 | D:15     | an emperor scorpion changed into an azure jelly
 30020 | D:15     | Noticed an azure jelly (glowing shapeshifter)
 30021 | D:15     | an azure jelly changed into a sphinx
 30021 | D:15     | Noticed a sphinx (glowing shapeshifter)
 30039 | D:15     | a frost giant changed into a quicksilver dragon
 30039 | D:15     | Noticed a quicksilver dragon (glowing shapeshifter)
 30040 | D:15     | a quicksilver dragon changed into a sphinx
 30040 | D:15     | Noticed a sphinx (glowing shapeshifter)
 30044 | D:15     | Killed a sphinx
 30423 | D:15     | Reached skill level 10 in Air Magic
 30424 | D:15     | Reached XP level 17. HP: 120/131 MP: 33/33
 30587 | D:15     | Found a hazy altar of Hepliaklqana.
 31340 | D:15     | Found a bloodstained altar of Trog.
 31430 | D:15     | Upgraded the game from 0.30-a0-1053-gbd8d5ba0ad to
                  | 0.30-a0-1066-g63dfefce0d
 31661 | Lair:1   | Killed NateTC's ghost
 31710 | Lair:1   | Got the ring "Fughom" {Fire *Corrode rPois MP+9 Int+7}
 31887 | Snake:1  | Entered Level 1 of the Snake Pit
 32392 | Snake:1  | Found a runed translucent door.
 32394 | Snake:1  | Noticed Caumakya's ghost (adept MiFi)
 32644 | Snake:1  | Offered knowledge of Plasma Beam by Vehumet.
 33270 | Snake:2  | Reached skill level 10 in Hexes
 33270 | Snake:2  | Reached skill level 10 in Summonings
 33270 | Snake:2  | Reached skill level 10 in Necromancy
 33270 | Snake:2  | Reached skill level 10 in Translocations
 33270 | Snake:2  | Reached skill level 10 in Transmutations
 33270 | Snake:2  | Reached skill level 10 in Fire Magic
 33270 | Snake:2  | Reached skill level 10 in Ice Magic
 33270 | Snake:2  | Reached skill level 10 in Earth Magic
 33270 | Snake:2  | Reached skill level 10 in Poison Magic
 33726 | Snake:2  | Found Saaq Sytt's Assorted Antiques.
 33733 | Snake:2  | Bought a dented garnet amulet for 145 gold pieces
 33733 | Snake:2  | Bought a twisted brass wand for 116 gold pieces
 33738 | Snake:2  | Found Byekko Mepp's Book Shoppe.
 33991 | Snake:2  | Reached skill level 12 in Maces & Flails
 34597 | Snake:3  | Found a runed translucent gate.
 34598 | Snake:3  | Found a runed translucent gate.
 34601 | Snake:3  | Found the +3 warlock's mirror {omnireflect}
 34603 | Snake:3  | Noticed Sahys's ghost (adept MiFi)
 34611 | Snake:3  | Found a runed translucent gate.
 35109 | Snake:3  | Reached XP level 18. HP: 132/140 MP: 12/35
 35110 | Snake:3  | Offered knowledge of Ignition by Vehumet.
 35480 | Snake:3  | Learned a level 8 spell: Ignition
 35640 | Snake:3  | Noticed Asterion
 35652 | Snake:3  | Killed Asterion
 36097 | Snake:3  | Killed Sahys's ghost
 36271 | Snake:3  | Got the Cyclopedia of Heated Congelation
 36319 | Snake:4  | Entered Level 4 of the Snake Pit
 36613 | Snake:4  | Noticed Donald
 36626 | Snake:4  | Killed Donald
 37486 | Snake:4  | Reached skill level 13 in Maces & Flails
 37916 | Snake:4  | Reached ****** piety under Vehumet
 38007 | Snake:4  | Got a serpentine rune of Zot
 38251 | Swamp:1  | Entered Level 1 of the Swamp
 38252 | Swamp:1  | Upgraded the game from 0.30-a0-1066-g63dfefce0d to
                  | 0.30-a0-1074-g5db6f66fbb
 38259 | Swamp:1  | You are sucked into a shaft and drop 1 floor!
 38850 | Swamp:1  | Offered knowledge of Fire Storm by Vehumet.
 38850 | Swamp:1  | Offered knowledge of Shatter by Vehumet.
 38850 | Swamp:1  | Offered knowledge of Chain Lightning by Vehumet.
 39331 | Swamp:1  | Found a glowing golden altar of the Shining One.
 39357 | Swamp:1  | Reached XP level 19. HP: 148/148 MP: 33/36
 40808 | Swamp:4  | Entered Level 4 of the Swamp
 41211 | Swamp:4  | Reached skill level 14 in Maces & Flails
 43255 | Swamp:4  | Identified the +1 leather armour of the Wonderful God
                  | {+Blink Int+9 Dex-2}
 43521 | Swamp:4  | Got a decaying rune of Zot
 43958 | Vaults:1 | Entered Level 1 of the Vaults
 45030 | Vaults:1 | Reached XP level 20. HP: 153/158 MP: 36/38
 45394 | Vaults:1 | Reached skill level 15 in Maces & Flails
 45637 | Vaults:1 | Noticed Saint Roka
 45667 | Vaults:1 | Killed Saint Roka
 45668 | Vaults:1 | Reached skill level 15 in Invocations
 46306 | Vaults:1 | Learned a level 3 spell: Gell's Gravitas
 46316 | Vaults:1 | Learned a level 8 spell: Lehudib's Crystal Spear
 46328 | Vaults:2 | Found a flickering gateway to a bazaar.
 46340 | Bazaar   | Entered a bazaar
 46341 | Bazaar   | Found Ylah's Armour Shoppe.
 46341 | Bazaar   | Found Wasopt's Assorted Antiques.
 46341 | Bazaar   | Found Suisubb's Distillery.
 46341 | Bazaar   | Found Cugu's Weapon Shoppe.
 46366 | Bazaar   | Bought a potion of mutation for 128 gold pieces
 46366 | Bazaar   | Bought a potion of haste for 160 gold pieces
 46368 | Bazaar   | Bought a scroll of amnesia for 84 gold pieces
 47953 | Vaults:2 | Acquired the ring "Waept" {rF+ Will+}
 47974 | Vaults:2 | Reached skill level 15 in Spellcasting
 48349 | Vaults:2 | Reached skill level 16 in Maces & Flails
 48349 | Vaults:2 | Reached skill level 15 in Dodging
 48614 | Vaults:3 | Found a magical portal.
 48633 | WizLab   | Entered Doroklohe's Tomb
 48865 | WizLab   | Noticed a dread lich
 48869 | WizLab   | Identified the +4 chain mail of Bad Feelings {rElec Int+2}
 49081 | Vaults:3 | Found Qilotronk's Jewellery Shop.
 49088 | Vaults:3 | Bought the amulet of Trepidation {RegenMP rN+ Dex+3} for
                  | 475 gold pieces
 49328 | Vaults:3 | Reached XP level 21. HP: 166/166 MP: 40/40
 49356 | Vaults:3 | Reached skill level 15 in Stealth
 49460 | Vaults:3 | Noticed a bone dragon
 49475 | Vaults:3 | Killed a bone dragon
 49544 | Vaults:3 | Found a staircase to the Crypt.
 50472 | Vaults:4 | Identified the +1 chain mail "Enges" {Slay+3 Stlth+}
 50552 | Vaults:4 | Reached skill level 15 in Air Magic
 50622 | Vaults:4 | Found Gumomem's Magic Scroll Shop.
 50630 | Vaults:4 | Bought a scroll of blinking for 82 gold pieces
 50630 | Vaults:4 | Bought a scroll of blinking for 82 gold pieces
 51282 | Vaults:4 | Found a shimmering blue altar of Sif Muna.
 51285 | Vaults:4 | Found a transporter.
 51305 | Vaults:4 | Noticed a dread lich
 51893 | Vaults:4 | Reached skill level 17 in Maces & Flails
 52314 | Elf:1    | Entered Level 1 of the Elven Halls
 52512 | Elf:1    | Reached skill level 15 in Fighting
 52512 | Elf:1    | Reached skill level 15 in Short Blades
 52512 | Elf:1    | Reached skill level 15 in Long Blades
 52512 | Elf:1    | Reached skill level 15 in Axes
 52512 | Elf:1    | Reached skill level 15 in Polearms
 52512 | Elf:1    | Reached skill level 15 in Staves
 52512 | Elf:1    | Reached skill level 15 in Ranged Weapons
 52512 | Elf:1    | Reached skill level 15 in Throwing
 52512 | Elf:1    | Reached skill level 15 in Armour
 52512 | Elf:1    | Reached skill level 15 in Shields
 52512 | Elf:1    | Reached skill level 15 in Unarmed Combat
 52512 | Elf:1    | Reached skill level 15 in Evocations
 53044 | Elf:1    | Reached XP level 22. HP: 146/175 MP: 35/41
 53345 | Elf:1    | Identified the +0 scale mail of Claustrophobia {Fly Str-4
                  | Dex+4}
 53446 | Elf:1    | Upgraded the game from 0.30-a0-1074-g5db6f66fbb to
                  | 0.30-a0-1094-g860fb061e7
 53769 | Elf:2    | Identified the ring "Telanei" {Fly Str+8 Dex+3}
 53993 | Elf:2    | Found a runed translucent gate.
 53994 | Elf:2    | Found a runed translucent gate.
 53994 | Elf:2    | Found a runed translucent gate.
 54005 | Elf:2    | Found Ybby's Book Shoppe.
 54006 | Elf:2    | Found Kyq Hunk's Jewellery Boutique.
 54007 | Elf:2    | Found Vikayq's Book Shoppe.
 54305 | Elf:3    | Entered Level 3 of the Elven Halls
 54903 | Elf:3    | Found Tumpom's Antique Weapon Shoppe.
 54995 | Elf:3    | Reached skill level 18 in Maces & Flails
 55582 | Elf:3    | Identified the ring "Laikh" {rF+ rCorr SInv}
 55646 | Elf:3    | Identified the +8 glaive of the Hurtling Gods {heavy,
                  | rCorr}
 55650 | Elf:3    | Reached skill level 15 in Conjurations
 56002 | Elf:3    | Got the Spellbook of Tainted Blasting
 56450 | Snake:2  | Bought a Necronomicon for 672 gold pieces
 56450 | Snake:2  | Bought a book of the Sky for 528 gold pieces
 56711 | Depths:1 | Entered Level 1 of the Depths
 56752 | D:15     | Reached XP level 23. HP: 168/183 MP: 34/43
 57077 | Depths:1 | Found a one-way gate leading to the halls of Pandemonium.
 57187 | Depths:1 | Found a one-way gateway to a ziggurat.
 57693 | Depths:1 | Found a gateway to Hell.
 58297 | Depths:1 | Learned a level 8 spell: Maxwell's Capacitive Coupling
 58508 | Depths:2 | Noticed a caustic shrike
 58720 | Depths:2 | Noticed a golden dragon
 58724 | Depths:2 | Killed a golden dragon
 58729 | Depths:2 | Killed a caustic shrike
 58873 | Depths:2 | Identified the +5 trident of the Three Beasts {pain, rC+
                  | Str+3}
 58873 | Depths:2 | Identified the amulet "Giarchononn" {RegenMP -Tele Will+
                  | Str+3}
 58874 | Depths:2 | Reached skill level 19 in Maces & Flails
 59182 | Depths:2 | Acquired the +3 Elemental Staff {rElec rF+ rC+ AC+3}
 59182 | Depths:2 | Found the +3 Elemental Staff {rElec rF+ rC+ AC+3}
 59320 | Depths:2 | Identified the +0 spear of Wondrous Power {antimagic, rC+
                  | rN+ rCorr Str+3}
 59324 | Depths:2 | Identified the +2 pair of gloves of the First Stars {Str+2}
 60230 | Depths:3 | Noticed Jory
 60402 | Depths:3 | Killed Jory
 60463 | Depths:3 | Noticed Boris
 60469 | Depths:3 | Killed Boris
 60546 | Depths:3 | Found an opulent altar of Gozag.
 60561 | Depths:3 | Found a one-way gate to the infinite horrors of the Abyss.
 60598 | Depths:3 | Reached XP level 24. HP: 193/193 MP: 44/44
 60849 | Depths:3 | Found a runed translucent door.
 60863 | Depths:3 | Found a runed translucent door.
 61652 | Depths:3 | Identified the +7 plate armour of Relativism {rC+ Dex+4}
 61761 | Depths:4 | Entered Level 4 of the Depths
 61809 | Depths:4 | Reached skill level 20 in Maces & Flails
 61994 | Depths:4 | Identified the staff of cold "Vawocun" {Drain Fly rC+
                  | rN+++}
 61994 | Depths:4 | Identified the ring "Peuraera" {Ice Dex+5}
 61994 | Depths:4 | Noticed Josephina
 61999 | Depths:4 | Killed Josephina
 61999 | Depths:4 | Noticed Grunn
 62005 | Depths:4 | Killed Grunn
 62788 | Depths:4 | Found a gate to the Realm of Zot.
 62810 | Depths:4 | Reached XP level 25. HP: 148/201 MP: 27/44
 62952 | Depths:4 | HP: 9/201 [acid (8)]
 63704 | Slime:1  | Entered Level 1 of the Pits of Slime
 64079 | Slime:5  | Entered Level 5 of the Pits of Slime
 64218 | Slime:5  | Reached skill level 21 in Maces & Flails
 64262 | Slime:5  | Noticed the Royal Jelly
 64434 | Slime:5  | Killed the Royal Jelly
 64691 | Slime:5  | Identified the amulet "Osanura" {Acrobat rCorr Int-3 Dex+4}
 64719 | Slime:5  | Identified the +3 pair of boots "Hafiso" {Int+3}
 64772 | Slime:5  | Found the +3 pair of mountain boots {steadfast, rC+}
 64777 | Slime:5  | Identified the +2 scale mail "Kitee" {Str+3}
 64782 | Slime:5  | Identified the +3 hand axe "Boqomac" {pain, rElec Will+
                  | Dex+2 Stlth+}
 64784 | Slime:5  | Got a slimy rune of Zot
 64789 | Slime:5  | Identified the staff of earth "Pixtalu" {Stlth+}
 65262 | Crypt:1  | Entered Level 1 of the Crypt
 65272 | Crypt:1  | Noticed Khufu
 65282 | Crypt:1  | Killed Khufu
 65458 | Crypt:1  | Noticed Mennas
 65461 | Crypt:1  | Killed Mennas
 66473 | Snake:1  | Killed Caumakya's ghost
 66734 | D:13     | Reached skill level 15 in Hexes
 66734 | D:13     | Reached skill level 15 in Summonings
 66734 | D:13     | Reached skill level 15 in Necromancy
 66734 | D:13     | Reached skill level 15 in Translocations
 66734 | D:13     | Reached skill level 15 in Transmutations
 66734 | D:13     | Reached skill level 15 in Fire Magic
 66734 | D:13     | Reached skill level 15 in Ice Magic
 66734 | D:13     | Reached skill level 15 in Earth Magic
 66734 | D:13     | Reached skill level 15 in Poison Magic
 66737 | D:13     | Killed Cunint's ghost
 66738 | D:13     | Found an iron altar of Okawaru.
 66926 | Orc:2    | Bought a scroll of enchant weapon for 90 gold pieces
 66926 | Orc:2    | Bought a scroll of enchant weapon for 90 gold pieces
 67884 | Crypt:1  | Identified the +9 lajatang "Buanar" {vamp, rPois rF- Str+6
                  | Dex+4}
 67916 | Crypt:1  | Noticed an ancient lich
 67920 | Crypt:1  | Killed an ancient lich
 68322 | Crypt:2  | Reached XP level 26. HP: 211/211 MP: 45/45
 68725 | Crypt:3  | Entered Level 3 of the Crypt
 68871 | Crypt:3  | Identified the +1 pair of gloves of Soxzokia {Rampage}
 69149 | Crypt:2  | Found an ancient bone altar of Kikubaaqudgha.
 69276 | Crypt:3  | Learned a level 8 spell: Necromutation
 69311 | Crypt:3  | Found a staircase to the Tomb.
 69508 | Crypt:3  | Reached skill level 22 in Maces & Flails
 69541 | Crypt:3  | Found a basalt altar of Yredelemnul.
 69804 | Crypt:3  | Got the Thoughts on Despair
 69825 | Crypt:3  | Noticed a royal mummy
 69833 | Crypt:3  | Killed a royal mummy
 70181 | Vaults:4 | Learned a level 9 spell: Chain Lightning
 70194 | Vaults:5 | Entered Level 5 of the Vaults
 70331 | Vaults:5 | Identified the +2 long sword "Ufyh" {drain, *Rage Fly rN+
                  | rCorr}
 70517 | Vaults:5 | Identified the ring "Liutihar" {rPois rCorr AC+4 Int-2}
 70602 | Vaults:5 | Noticed Sojobo
 70610 | Vaults:5 | Killed Sojobo
 70611 | Vaults:5 | Reached XP level 27. HP: 159/214 MP: 20/46
 71112 | Vaults:5 | Found the +3 pair of gauntlets of War {Slay+5}
 71147 | Vaults:5 | Got a silver rune of Zot
 71202 | Vaults:5 | Identified the +6 glaive "Xurusm" {antimagic, rN+ rCorr}
 71235 | Vaults:5 | Identified the ring "Rocwetei" {Str+4 Dex+3 SInv}
 71395 | Vaults:5 | Reached skill level 23 in Maces & Flails
 71397 | Vaults:5 | Noticed Frederick
 71402 | Vaults:5 | Killed Frederick
 72397 | Zot:1    | Entered Level 1 of the Realm of Zot
 72427 | Depths:4 | Learned a level 9 spell: Fire Storm
 75277 | Zot:2    | Identified the +0 ring mail of Inevitability {Harm Str+3}
 75506 | Zot:2    | Reached skill level 24 in Maces & Flails
 75758 | Zot:3    | Identified the +6 battleaxe of Ezesemaj {heavy, rElec}
 76144 | Zot:4    | Found Ypuexopn's CLEARANCE SALE!.
 76151 | Zot:4    | Bought 2 potions of curing for 30 gold pieces
 76151 | Zot:4    | Bought a potion of curing for 15 gold pieces
 76151 | Zot:4    | Bought 7 stones for 3 gold pieces
 76179 | Zot:4    | Identified the +1 dire flail of Terra Nullius {heavy, *Rage
                  | rPois Will++ Str+3}
 76195 | Zot:4    | Noticed an orb of fire
 76196 | Zot:4    | Noticed an orb of fire
 76198 | Zot:4    | Killed an orb of fire
 76201 | Zot:4    | Killed an orb of fire
 77063 | Zot:5    | Entered Level 5 of the Realm of Zot
 77243 | Zot:5    | Found Raqoycs's Changing Room.
 77293 | Zot:5    | Found a transporter.
 77314 | Zot:5    | Found a transporter.
 77337 | Zot:5    | Found a transporter.
 77340 | Zot:5    | Found a transporter.
 77475 | Zot:5    | Found a transporter.
 77529 | Zot:5    | Found a transporter.
 77832 | Zot:5    | Noticed an orb of fire
 77840 | Zot:5    | Killed an orb of fire
 77960 | Zot:5    | Noticed a dread lich
 77962 | Zot:5    | Killed a dread lich
 77971 | Zot:5    | Noticed an orb of fire
 77979 | Zot:5    | Killed an orb of fire
 78000 | Zot:5    | Noticed an orb of fire
 78004 | Zot:5    | Killed an orb of fire
 78195 | Zot:5    | Reached skill level 25 in Maces & Flails
 78198 | Zot:5    | Noticed an orb of fire
 78202 | Zot:5    | Killed an orb of fire
 78362 | Zot:5    | Got the Orb of Zot
 78806 | D:8      | Noticed a seraph
 78951 | D:$      | Escaped with the Orb!

Illustrated notes

Levels and vault maps discovered:
D:1:      onia_arrival_pyramid, layout_basic, serial_curves, eino_curves_02,
          eino_curves_04
D:2:      layout_basic, uniq_jessica, uniq_sigmund
D:3:      layout_basic, minmay_increasing_density
D:4:      layout_loops_ring, kennysheep_slug_shrine, zin_angel, okawaru_trees_2,
          mainiacjoe_overflow_alcove_2
D:5:      layout_basic
D:6:      black_bear_nest_1, layout_loops_cross,
          mainiacjoe_overflow_surrounded_room, nemelex_dance_club_becter,
          portal_sewer_entry_b, minmay_divided_ellipse, uniq_menkaure
D:7:      layout_loops_ring, general_overflow_altar,
          mainiacjoe_overflow_catwalk_spiral, minmay_temple_entry_poolview,
          uniq_duvessa, uniq_pikel
D:8:      layout_cave_pools, minmay_lair_entry_grove, serial_shops, shop,
          uniq_psyche, uniq_erica
D:9:      layout_roguey [special_room_orc], nicolae_qazlal_eye_of_the_storm,
          kennysheep_little_box
D:10:     layout_loops_ring
D:11:     layout_loops_ring, orc_0_dummy, serial_rivers,
          chequers_serial_rivers_micro_d, chequers_serial_rivers_micro_e,
          chequers_serial_rivers_large_a, chequers_serial_rivers_micro_d,
          chequers_serial_rivers_micro_b, chequers_serial_rivers_room_b
D:12:     layout_loops_ring, serial_shops, nicolae_take_the_stairs, uniq_erolcha
D:13:     minmay_shoctagon, layout_loops_ring,
          lightli_vaults_fourway_checkpoint, gammafunk_ghost_fury_of_okawaru,
          uniq_jorgrun
D:14:     layout_long_grid, serial_shops, kennysheep_mini
D:15:     hangedman_depths_entry_try_elsewhere_first, layout_basic,
          nicolae_hepliaklqana_hazy_memory, trog_hazing_becter
Temple:   hellmonk_temple_divided_pantheon
Lair:1:   layout_regular_city, gammafunk_ghost_icy, nicolae_lair_lil_pond,
          uniq_maggie
Lair:2:   layout_gridlike, guppyfry_snake_entry_garden,
          portal_ice_cave_entry_pillars_2
Lair:3:   layout_cave_pods, minmay_swamp_entry_swarm, infiniplex_staircase_pool
Lair:4:   layout_hall_layers, slime_entry_2, ice2_lemuel,
          infiniplex_staircase_pool_2, lemuel_fruit_tree, grunt_megastairs_2
Lair:5:   due_jungle_book, layout_long_grid, enter_volcano_3, uniq_snorg
Swamp:1:  layout_basic_swamp, lemuel_altar_in_water, swamp_pool1, st_swamp_mini
Swamp:2:  layout_falls_marsh, serial_swamp_ruin, evilmike_swamp_ruin_house_5,
          evilmike_swamp_ruin_house_4
Swamp:3:  layout_falls_marsh, evilmike_swamp_ruin_house_2
Swamp:4:  nzn_swamp_witches_coven, layout_basic_swamp, nicolae_swamp_oxbows
Snake:1:  layout_misc_corridors, gammafunk_ghost_grave, grunt_megastairs_1
Snake:2:  layout_rooms, nicolae_snake_squiggles, serial_bayou_pond_c,
          minmay_shoptagon
Snake:3:  layout_basic, gammafunk_ghost_split, serial_bayou_shore_a,
          uniq_asterion
Snake:4:  snake_pit, layout_rooms, nicolae_large_snake_swirl, uniq_donald
Slime:1:  layout_caves
Slime:2:  layout_caves
Slime:3:  layout_caves
Slime:4:  layout_caves, cheibrodos_slime_lost_civilization_5
Slime:5
Orc:1:    layout_diamond_mine
Orc:2:    st_orc_rangers, layout_diamond_mine, uniq_sonja
Elf:1:    minmay_elf_arrival_summoners, layout_loops_ring,
          hangedman_elven_crosses_minicolossus
Elf:2:    nicolae_elf_blades_crystal_corner, layout_geoelf_octagon,
          onia_ninara_cookie, minmay_shop_grove
Elf:3:    minmay_elf_hall_x, layout_geoelf_castle, serial_shops,
          nicolae_shop_just_a_little_nook
Vaults:1: v_misc_26, nicolae_vaults_network_quinsquares
          [nicolae_vaults_network_quincunx_subvault,
          nicolae_vaults_network_quincunx_subvault,
          nicolae_vaults_network_quincunx_subvault,
          nicolae_vaults_network_quincunx_subvault], v_misc_18, v_alt_pattern_2,
          v_misc_12, nicolae_vaults_network_barrier,
          ontoclasm_vaults_claustrophobia, vaults_mumra_chevron_long,
          layout_vaults_omnigrid, uniq_saint_roka
Vaults:2: nicolae_vaults_arrows, nicolae_vaults_little_squares_4,
          v_alt_pattern_3, grunt_vaults_diagonal, special_room_vaults
          [special_room_orc], vaults_room_stairs_pillars, v_pattern_2,
          nicolae_vaults_specimen_jars, nicolae_vaults_little_squares_1,
          vaults_room_stairs_pillars, nicolae_vaults_windows_and_doors_thing,
          vaults_room_fours, vaults_dpeg_encased_lava, nicolae_vaults_rhombus_5,
          vaults_room_hallway, grunt_vaults_focal, ontoclasm_vaults_pinch,
          layout_vaults_omnicross, serial_shops, bzr_entry_safe
Vaults:3: infiniplex_enter_wizlab_glasses, hangedman_vaults_stream, st_lines,
          nicolae_vaults_little_squares_1, vaults_room_fancy_cross,
          ontoclasm_vaults_decontamination, ontoclasm_vaults_chip, v_pattern_3,
          minmay_crypt_entry_nasty_monster, layout_vaults_big_room,
          serial_shops, shop
Vaults:4: hangedman_vaults_unwind, grunt_vaults_hallway_long,
          gammafunk_sealed_library, v_misc_27, v_misc_25, v_misc_19,
          vaults_mumra_minichess_inversion, nicolae_vaults_little_squares_6,
          v_rooms_1, v_misc_1, v_pattern_4, nicolae_vaults_angled_halls,
          layout_vaults_maze_snakey, serial_shops, shop
Vaults:5: uniq_frederick, uniq_sojobo
Crypt:1:  minmay_guarded_unrand_majin_bo, layout_misc_corridors,
          minmay_misc_feat_rows, uniq_mennas, uniq_khufu
Crypt:2:  layout_misc_corridors, lemuel_upstairs_altar
Crypt:3:  church_of_pain_bobbens, layout_chaotic_city, tomb_entry_sphere_bobbens
Depths:1: layout_honeycomb, enter_ziggurat_e, rand_demon_pan_entry_1,
          hell_entry, kennysheep_generic_room_15
Depths:2: minmay_complete_graph, layout_basic, grunt_decor_resistance,
          pan_entry, pf_coc_iceberg
Depths:3: thingy_vault_2, layout_honeycomb, abyss_entry,
          infiniplex_staircase_squiggle, hellmouth_1, grunt_gozag_statues,
          uniq_boris, uniq_jory
Depths:4: grunt_zot_entry_bicorn, layout_long_grid, grunt_mini_vestibule,
          rand_demon_pan_entry_3, grunt_decor_fettered, serial_bayou_pond_c,
          hangedman_decor_peaks_small, minmay_misc_feat_four_crosses,
          uniq_josephina, uniq_grunn
Zot:1:    lemuel_draconian_sentries, layout_misc_corridors
Zot:2:    grunt_deathspiral_small, layout_concentric_octagons, drop_trap
Zot:3:    layout_misc_corridors
Zot:4:    layout_gridville, nicolae_shop_clearance
Zot:5:    layout_onion, nicolae_transmutations_shop, grunt_ministairs_3,
          st_stairs_12, serial_nicolae_subway, nicolae_sub_station_stone,
          nicolae_sub_station_metal, nicolae_sub_station_crystal

Skill      XL: |  1  2  3  4  5  6  7  8  9 10 11 12 13 14 15 16 17 18 19 20 21 22 23 24 25 26 27 |
---------------+----------------------------------------------------------------------------------+-----
Spellcasting   | 5 6 7 8 9 10 11 12 13 14 15 16 17 18 19 20 | 20.6
Invocations    | 1 2 3 4 5 6 7 8 10 11 12 13 14 15 16 17 18 19 20 21 | 21.7
Fighting       | 1 2 3 4 5 6 7 8 9 10 11 12 13 14 15 16 17 18 20 | 20.1
Short Blades   | 1 2 3 4 5 6 7 8 9 10 11 12 13 14 15 16 17 18 20 | 20.1
Long Blades    | 1 2 3 4 5 6 7 8 9 10 11 12 13 14 15 16 17 18 20 | 20.1
Axes           | 1 2 3 4 5 6 7 8 9 10 11 12 13 14 15 16 17 18 20 | 20.1
Maces & Flails | 1 2 3 4 5 6 7 8 9 10 11 12 13 14 16 17 18 19 20 21 22 25 | 25.1
Polearms       | 1 2 3 4 5 6 7 8 9 10 11 12 13 14 15 16 17 18 20 | 20.1
Staves         | 1 2 3 4 5 6 7 8 9 10 11 12 13 14 15 16 17 18 20 | 20.1
Ranged Weapons | 1 2 3 4 5 6 7 8 9 10 11 12 13 14 15 16 17 18 20 | 20.1
Throwing       | 1 2 3 4 5 6 7 8 9 10 11 12 13 14 15 16 17 18 20 | 20.1
Armour         | 1 2 3 4 5 6 7 8 9 10 11 12 13 14 15 16 17 18 20 | 20.1
Shields        | 1 2 3 4 5 6 7 8 9 10 11 12 13 14 15 16 17 18 20 | 20.1
Unarmed Combat | 1 2 3 4 5 6 7 8 9 10 11 12 13 14 15 16 17 18 20 | 20.1
Evocations     | 1 2 3 4 5 6 7 8 9 10 11 12 13 14 15 16 17 18 20 | 20.1
Hexes          | 1 2 3 4 5 6 7 8 9 10 11 12 13 14 15 17 | 17.2
Summonings     | 1 2 3 4 5 6 7 8 9 10 11 12 13 14 15 17 | 17.2
Necromancy     | 1 2 3 4 5 6 7 8 9 10 11 12 13 14 15 17 | 17.2
Translocations | 1 2 3 4 5 6 7 8 9 10 11 12 13 14 15 17 | 17.2
Transmutations | 1 2 3 4 5 6 7 8 9 10 11 12 13 14 15 17 | 17.2
Fire Magic     | 1 2 3 4 5 6 7 8 9 10 11 12 13 14 15 16 19 | 19.1
Ice Magic      | 1 2 3 4 5 6 7 8 9 10 11 12 13 14 15 17 | 17.2
Air Magic      | 1 2 3 4 5 6 7 8 10 11 12 13 14 15 16 17 18 19 20 22 | 22.1
Earth Magic    | 1 2 3 4 5 6 7 8 9 10 11 12 13 14 15 17 | 17.2
Poison Magic   | 1 2 3 4 5 6 7 8 9 10 11 12 13 14 15 17 | 17.2
Dodging        | 5 6 7 8 9 10 11 12 13 14 15 16 17 18 19 20 | 20.6
Stealth        | 5 6 7 8 9 10 11 12 13 14 15 16 17 18 20 | 20.5
Conjurations   | 8 9 10 11 12 13 14 15 16 17 18 | 18.4

Action                     |  1- 3 |  4- 6 |  7- 9 | 10-12 | 13-15 | 16-18 | 19-21 | 22-24 | 25-27 || total
---------------------------+-------+-------+-------+-------+-------+-------+-------+-------+-------++-------
  Melee: Dagger            |     1 |       |       |       |       |       |       |       |       ||     1
         Mace              |       |       |     4 |       |       |       |       |       |       ||     4
         Punch             |       |       |     1 |     1 |       |       |       |       |       ||     2
         Double sword      |       |       |     3 |    14 |    18 |    29 |    46 |     7 |     8 ||   125
         Bite              |       |       |       |     1 |     1 |     6 |     5 |     5 |    14 ||    32
         Staff             |       |       |       |       |       |       |       |    11 |     8 ||    19
         Sacred scourge    |       |       |       |       |       |       |       |       |    44 ||    44
   Fire: Hand crossbow     |       |       |       |       |       |     2 |       |       |       ||     2
  Throw: Dart              |       |     3 |       |     4 |     3 |       |       |       |       ||    10
   Cast: Magic Dart        |    68 |    67 |    97 |   216 |    17 |       |       |       |       ||   465
         Searing Ray       |       |    11 |    47 |    59 |     7 |     1 |       |       |       ||   125
         Fulminant Prism   |       |     5 |    24 |    96 |    19 |     1 |       |       |       ||   145
         Iskenderun's Myst |       |       |     1 |    75 |   103 |    93 |    48 |    53 |    26 ||   399
         Freezing Cloud    |       |       |       |    48 |   119 |   188 |   169 |    81 |     2 ||   607
         Mephitic Cloud    |       |       |       |     9 |     9 |     4 |     3 |       |       ||    25
         Airstrike         |       |       |       |     8 |    12 |   233 |   330 |   116 |    33 ||   732
         Flame Wave        |       |       |       |     3 |    10 |       |       |       |       ||    13
         Lee's Rapid Decon |       |       |       |       |    14 |   149 |   149 |   218 |   159 ||   689
         Spellforged Servi |       |       |       |       |       |     9 |    60 |    48 |    60 ||   177
         Ignition          |       |       |       |       |       |     1 |     1 |    34 |   117 ||   153
         Lehudib's Crystal |       |       |       |       |       |       |     4 |    53 |    99 ||   156
         Maxwell's Capacit |       |       |       |       |       |       |       |    19 |    70 ||    89
         Blink             |       |       |       |       |       |       |       |       |     3 ||     3
         Necromutation     |       |       |       |       |       |       |       |       |    58 ||    58
         Fire Storm        |       |       |       |       |       |       |       |       |    98 ||    98
         Chain Lightning   |       |       |       |       |       |       |       |       |     3 ||     3
Ability: Evoke Blink       |       |       |       |       |       |       |       |       |     1 ||     1
         End Transformatio |       |       |       |       |       |       |       |       |     1 ||     1
  Evoke: Wand              |       |       |     1 |     2 |     1 |     3 |     1 |     1 |     1 ||    10
         Phantom mirror    |       |       |       |       |     1 |     2 |       |       |     1 ||     4
         Lightning rod     |       |       |       |       |       |     5 |       |       |       ||     5
         Box of beasts     |       |       |       |       |       |     1 |     1 |       |     2 ||     4
         Phial of floods   |       |       |       |       |       |       |     2 |       |       ||     2
         Condenser vane    |       |       |       |       |       |       |     1 |       |     1 ||     2
    Use: Scroll            |       |     5 |     6 |    16 |     8 |     7 |     8 |     1 |    27 ||    78
         Potion            |       |       |     1 |     2 |     1 |     1 |       |       |     4 ||     9
   Stab: Sleeping          |       |       |       |       |       |     1 |       |       |       ||     1
         Distracted        |       |       |       |       |       |       |       |     1 |     2 ||     3
 Armour: Robe              |     3 |     1 |    14 |     4 |       |    12 |     6 |       |       ||    40
         Skin              |       |       |     3 |       |       |       |       |       |       ||     3
         Leather armour    |       |       |       |    25 |    16 |    34 |    25 |    18 |    73 ||   191
  Dodge: Dodged            |    12 |     5 |    45 |   125 |    93 |   135 |   104 |    49 |   120 ||   688
  Block: Buckler           |       |       |       |     9 |    40 |    45 |   102 |    51 |   104 ||   351
         Reflection        |       |       |       |       |    13 |    19 |    57 |    17 |    26 ||   132

Table legend: (Time is in decaauts)
 A = Elapsed time spent in this place.
 B = Non-inter-level travel time spent in this place.
 C = Inter-level travel time spent in this place.
 D = Time resting spent in this place.
 E = Time spent auto-exploring this place.
 F = Levels seen in this place.
 G = Mean time per level.
                   A        B        C        D        E       F      G
               +--------+--------+--------+--------+--------+-----+--------+
         Total |  79193 |  70043 |   9150 |  25541 |  30743 |  61 | 1298.2 |
       Dungeon |  22108 |  18704 |   3404 |   6723 |   8702 |  15 | 1473.9 |
        Temple |     60 |     53 |      7 |      0 |      0 |   1 |   60.0 |
          Lair |   8939 |   7901 |   1038 |   3398 |   3239 |   5 | 1787.8 |
         Swamp |   5521 |   5194 |    327 |   2571 |   1778 |   4 | 1380.2 |
     Snake Pit |   6290 |   5740 |    550 |   2609 |   2095 |   4 | 1572.5 |
    Slime Pits |   1183 |   1128 |     55 |    583 |    118 |   5 |  236.6 |
  Orcish Mines |   2148 |   1691 |    457 |    450 |    912 |   2 | 1074.0 |
   Elven Halls |   3883 |   3673 |    210 |    973 |   1911 |   3 | 1294.3 |
        Vaults |  10769 |   9495 |   1274 |   3415 |   4025 |   5 | 2153.8 |
         Crypt |   2897 |   2653 |    244 |    314 |   1707 |   3 |  965.7 |
        Depths |   7441 |   6381 |   1060 |   1965 |   3369 |   4 | 1860.2 |
           Zot |   5345 |   4825 |    520 |   1478 |   2213 |   5 | 1069.0 |
        Bazaar |     39 |     39 |      0 |      0 |     19 |   1 |   39.0 |
         Sewer |    719 |    719 |      0 |    226 |    354 |   1 |  719.0 |
      Ice Cave |   1335 |   1335 |      0 |    714 |    182 |   1 | 1335.0 |
       Volcano |    263 |    263 |      0 |     59 |      0 |   1 |  263.0 |
        Wizlab |    244 |    244 |      0 |     60 |    116 |   1 |  244.0 |
               +--------+--------+--------+--------+--------+-----+--------+

Top non-repeatable levels by time:
Vaults:1: 2984 daAuts
     D:9: 2588 daAuts
  Lair:5: 2482 daAuts
 Swamp:4: 2310 daAuts
Vaults:2: 2228 daAuts
    D:13: 2222 daAuts
Depths:1: 2140 daAuts
    D:15: 2123 daAuts
Vaults:3: 2079 daAuts
Depths:3: 2026 daAuts
 Snake:3: 1975 daAuts
  Lair:1: 1899 daAuts
  Lair:2: 1868 daAuts
   Elf:3: 1860 daAuts
     D:6: 1783 daAuts
